 Dungeon Crawl Stone Soup version 0.22-a0-422-g9628fc8 (webtiles) character file.

161 Falco the Covert (level 5, 0/26 HPs)
             Began as a Spriggan Assassin on May 19, 2018.
             Splashed by a jelly's acid (7 damage)
             ... on level 5 of the Dungeon.
             The game lasted 00:14:31 (3110 turns).

Falco the Covert (Spriggan Assassin)                Turns: 3110, Time: 00:14:32

Health: 0/26       AC:  2    Str:  8    XL:     5   Next: 19%
Magic:  6/6        EV: 18    Int: 12    God:
Gold:   105        SH:  0    Dex: 18    Spells: 4/4 levels left

rFire    . . .     SeeInvis +   t - -3 hunting sling (curse)
rCold    . . .     Gourm    +   (shield restricted)
rNeg     . . .     Faith    .   c - +0 robe
rPois    .         Spirit   .   (helmet restricted)
rElec    .         Reflect  .   r - scarf {cloud immunity}
rCorr    .         Harm     .   (gloves unavailable)
MR       .....                  (boots unavailable)
Stlth    ++++......             u - amulet of the gourmand
HPRegen  0.08/turn              (no ring)
MPRegen  0.10/turn              (no ring)

@: very quick
A: very small, unfitting armour, see invisible, herbivore, speed 3, slow
metabolism 2
a: no special abilities


You were on level 5 of the Dungeon.
You were not hungry.

You visited 1 branch of the dungeon, and saw 6 of its levels.

You collected 105 gold pieces.

Inventory:

Hand Weapons
 a - a +2 dagger
 b - a +0 blowgun
 t - a cursed -3 hunting sling (weapon)
Missiles
 e - 17 poisoned needles
 f - 2 curare-tipped needles
 i - 30 sling bullets (quivered)
 j - 25 stones
Armour
 c - a +0 robe (worn)
 d - a +1 cloak
 r - a scarf of cloud immunity (worn)
 s - a +0 buckler
Jewellery
 u - an amulet of the gourmand (around neck)
Scrolls
 h - 2 scrolls of fog {unknown}
 m - 2 scrolls of magic mapping
 o - a scroll of teleportation
Potions
 k - a potion of ambrosia
 l - a potion of resistance {unknown}
 n - a potion of degeneration {unknown}
 p - a potion of curing {unknown}
 q - a potion of brilliance {unknown}
Comestibles
 g - 9 rations


   Skills:
 + Level 2.0 Fighting
 + Level 3.5 Short Blades
 + Level 2.6 Throwing
 + Level 2.3 Dodging
 + Level 8.0 Stealth


You had 4 spell levels left.
You didn't know any spells.
Your spell library was empty.

Dungeon Overview and Level Annotations

Branches:
Dungeon (6/15)
 Temple: D:4-7

Altars:
Hepliaklqana
Ru
Sif Muna
Yredelemnul

Shops:
D:5 ?

Annotations:
D:5 rcreutzb's ghost, novice GrEE


Innate Abilities, Weirdness & Mutations

You are very small and have problems with some larger weapons.
You are too small for most types of armour.
You have supernaturally acute eyesight. (SInv)
You are a herbivore.
You cover ground extremely quickly.
You need to consume almost no food.


Message History

Found a scroll of identify.
The jelly quivers.
You see here a scroll labeled OKLEDE OCALO.
h - 2 scrolls labeled OKLEDE OCALO (gained 1)
You see here a book of Frost.
Your library has no spells.
You don't know any spells.
A shadow imp comes into view.
The quokka falls through a shaft!
The shaft crumbles and collapses.
The hound skeleton closely misses you.
The shadow imp shouts, "Turn tail, thou spongy flap-mouthed haggard!"
The shadow imp gestures at you. Pain shoots through your body!
A worker ant zombie comes into view.
The hound skeleton closely misses you. The hound skeleton closely misses you.
The jelly hits you.
* * * LOW HITPOINT WARNING * * *
You are splashed with acid!
The acid burns!
You die...

$... #.# ##...#.# .# ...
#.# #...##$# .# #.#
#...##.##.####
#.####...##.......#
#######.##...5.##.....<.#
...<....##....###>......#
.........#....# #.......#
............J.##........#
...........@Z.##..#######
..$[.......#####..#
........:..# #.##
..........$# #.
..?.......## #.
.........## #####..#.#
##########.....
...............


You could see a jelly, a shadow imp and a hound skeleton.

Vanquished Creatures
  A big kobold (D:2)
  A gnoll (D:1)
  2 adders
  A worm (D:2)
  3 dart slugs
  A leopard gecko (D:1)
  13 bats
  8 goblins
  5 hobgoblins
  7 jackals (D:2)
  A quokka (D:6)
  2 ball pythons
  3 frilled lizards
  5 kobolds
  8 rats
61 creatures vanquished.

Notes
Turn   | Place    | Note
-------+----------+-------------------------------------------
     0 | D:1      | Falco the Spriggan Assassin began the quest for the Orb.
     0 | D:1      | Reached XP level 1. HP: 10/10 MP: 2/2
    32 | D:1      | Reached skill level 6 in Stealth
   197 | D:1      | Reached XP level 2. HP: 14/14 MP: 3/3
   329 | D:1      | Reached skill level 7 in Stealth
   400 | D:1      | Reached XP level 3. HP: 13/18 MP: 4/4
   968 | D:2      | Noticed a big kobold
  1028 | D:2      | Killed a big kobold
  1028 | D:2      | Reached XP level 4. HP: 12/23 MP: 5/5
  1395 | D:2      | Found a sacrificial altar of Ru.
  2067 | D:2      | Reached XP level 5. HP: 26/26 MP: 6/6
  2254 | D:3      | Found a deep blue altar of Sif Muna.
  2287 | D:3      | Reached skill level 8 in Stealth
  2307 | D:3      | Found a basalt altar of Yredelemnul.
  2318 | D:3      | Noticed a phantom
  2381 | D:4      | Noticed a crocodile
  2384 | D:5      | Entered Level 5 of the Dungeon
  2697 | D:6      | Found a hazy altar of Hepliaklqana.
  2990 | D:5      | Found Obicsoyf's Magic Scroll Shop.
  3031 | D:5      | Noticed rcreutzb's ghost (novice GrEE)
  3110 | D:5      | Splashed by a jelly's acid

Vault maps used:
D:1:      saegor_arrival_simple_d
D:2:      nicolae_ru_awakened_eye, first_ration
D:3:      overflow_temple_1_default, yredelemnul_altar_generic,
          grunt_decor_resistance, uniq_ijyb
D:4:      serial_shops, shop, uniq_duvessa, uniq_natasha, uniq_edmund,
          uniq_sigmund
D:5:      serial_shops, shop
D:6:      temple_fountains, basic_altar, serial_bayou_ford_a

Skill      XL: |  1  2  3  4  5 |
---------------+----------------+-----
Stealth        | 6 7 8 |  8.0
Short Blades   | 3 |  3.5
Dodging        | 2 |  2.3
Fighting       | 2 |  2.0
Throwing       | |  2.6

Action                   |  1- 3 |  4- 6 || total
-------------------------+-------+-------++-------
Melee: Dagger            |    61 |    94 ||   155
 Fire: Blowgun           |    14 |     4 ||    18
  Use: Scroll            |     4 |     5 ||     9
       Potion            |       |     1 ||     1
 Stab: Sleeping          |    14 |    11 ||    25
Armor: Robe              |     9 |     8 ||    17
Dodge: Dodged            |    20 |    63 ||    83

Table legend:
 A = Spawn XP
 B = Non-spawn XP
 C = Spawn XP percentage of total XP
 D = Spawn monster count
 E = Non-spawn monster count
 F = Spawn count percentage of total count
 G = Total turns spent on level
                    A         B        C        D         E        F      G
               +---------+---------+-------+---------+---------+-------+---------
         Total |       0 |     231 |   0.0 |       0 |      61 |   0.0 |  3110
               +---------+---------+-------+---------+---------+-------+---------
           D:1 |       0 |      60 |   0.0 |       0 |      27 |   0.0 |   917
           D:2 |       0 |     142 |   0.0 |       0 |      24 |   0.0 |  1328
           D:3 |       0 |      23 |   0.0 |       0 |       8 |   0.0 |   101
           D:4 |       0 |       4 |   0.0 |       0 |       1 |   0.0 |    38
           D:6 |       0 |       2 |   0.0 |       0 |       1 |   0.0 |   322
               +---------+---------+-------+---------+---------+-------+---------
